 Dungeon Crawl Stone Soup version 0.22-a0-274-gf8199ec (webtiles) character file.

89900 tilp the Warrior (level 15, -4/132 HPs)
             Began as a Merfolk Ice Elementalist on Mar 13, 2018.
             Was the Champion of Makhleb.
             Blown up by an orb spider (28 damage)
             ... with a wavering orb of destruction
             ... on level 2 of the Spider Nest.
             The game lasted 01:50:07 (29048 turns).

tilp the Warrior (Merfolk Ice Elementalist)        Turns: 29048, Time: 01:50:08

Health: -4/132     AC: 20    Str:  7 (8)  XL:     15   Next: 98%
Magic:  0/25       EV: 19    Int: 22      God:    Makhleb [******]
Gold:   582        SH:  2    Dex: 16      Spells: 17/27 levels left

rFire    + . .     SeeInvis .   T - +9 halberd "Sejuvy" {flame, MR+}
rCold    . . .     Gourm    .   (shield currently unavailable)
rNeg     + + .     Faith    .   X - +2 robe of a treasure trove {rF+ Regen+}
rPois    +         Spirit   +   R - +2 hat of the Endless Dances {*Drain rPois rN++ Regen+}
rElec    .         Reflect  +   F - scarf {Spirit}
rCorr    .         Harm     .   h - +2 pair of gloves
MR       +++..                  v - +1 pair of boots
Stlth    +++.......             S - +2 amulet of reflection
HPRegen  1.12/turn              D - ring of protection from magic
MPRegen  0.19/turn              L - +2 ring of intelligence

@: lethally poisoned (-4 -> -49), icy armour, marked, slow
A: change form in water, swift swim, stealthy swim
a: Minor Destruction, Lesser Servant of Makhleb, Major Destruction, Greater
Servant of Makhleb, Renounce Religion


You were on level 2 of the Spider Nest.
You worshipped Makhleb.
Makhleb was exalted by your worship.
You were not hungry.

You visited 5 branches of the dungeon, and saw 26 of its levels.

You collected 2896 gold pieces.
You spent 2314 gold pieces at shops.

Inventory:

Hand Weapons
 d - the +11 dagger of Kismet {venom, rN+ Int+2}
   (You found it on level 5 of the Dungeon)

   It poisons the flesh of those it strikes.
   It affects your intelligence (+2).
   It protects you from negative energy.
 T - the +9 halberd "Sejuvy" (weapon) {flame, MR+}
   (You found it on level 2 of the Lair of Beasts)

   It has been specially enchanted to burn those struck by it, causing extra
   injury to most foes and up to half again as much damage against particularly
   susceptible opponents.
   Big, fiery blades are also staple armaments of hydra-hunters.
   It affects your resistance to hostile enchantments.
Armour
 h - a +2 pair of gloves (worn)
 v - a +1 pair of boots (worn)
 F - a scarf of spirit shield (worn)
 N - the +1 robe "Faesur" {rElec Int+4 Dex+3}
   (You found it on level 3 of the Lair of Beasts)

   It affects your intelligence (+4).
   It affects your dexterity (+3).
   It insulates you from electricity.
 R - the +2 hat of the Endless Dances (worn) {*Drain rPois rN++ Regen+}
   (You bought it in a shop on level 2 of the Orcish Mines)

   It protects you from poison.
   It greatly protects you from negative energy.
   It increases your rate of regeneration.
   It causes draining when unequipped.
 X - the +2 robe of a treasure trove (worn) {rF+ Regen+}
   (You found it on level 15 of the Dungeon)

   It protects you from fire.
   It increases your rate of regeneration.
Jewellery
 f - an uncursed ring of fire
 k - an uncursed ring of flight
 m - an uncursed ring of magical power
 p - an uncursed ring of stealth
 w - an uncursed amulet of magic regeneration
 B - an uncursed ring of protection from cold
 C - a +3 ring of evasion
 D - a ring of protection from magic (left hand)
 L - a +2 ring of intelligence (right hand)
 O - an uncursed ring of positive energy
 S - a +2 amulet of reflection (around neck)
Wands
 a - a wand of clouds (5)
 s - a wand of paralysis (18)
 I - a wand of disintegration (11)
 J - a wand of polymorph (10)
 Q - a wand of digging (15)
 V - a wand of acid (19)
Scrolls
 g - a scroll of summoning
 j - 7 scrolls of magic mapping
 n - 9 scrolls of remove curse
 t - 11 scrolls of teleportation
 u - a scroll of fog
 y - a scroll of silence
 A - a scroll of identify
 E - 4 scrolls of enchant weapon
 G - 3 scrolls of amnesia
 H - 4 scrolls of fear
 W - a scroll of brand weapon
Potions
 b - a potion of agility
 e - 11 potions of curing
 i - 4 potions of heal wounds
 o - 4 potions of flight
 q - 2 potions of mutation
 r - a potion of magic
 x - a potion of brilliance
 K - a potion of ambrosia
 M - a potion of resistance
 P - 2 potions of berserk rage
 U - 2 potions of might
 Y - 2 potions of cancellation
 Z - a potion of invisibility
Miscellaneous
 l - a lightning rod (4/4)
Comestibles
 c - 62 rations


   Skills:
 - Level 16.3 Fighting
 - Level 16.1 Polearms
 - Level 10.0 Dodging
 - Level 5.3 Stealth
   Level 4.8 Shields
 + Level 6.9 Spellcasting
 - Level 5.0 Conjurations
 - Level 6.0 Charms
 - Level 15.0 Ice Magic
 - Level 8.0 Invocations
 - Level 6.2 Evocations


You had 17 spell levels left.
You knew the following spells:

 Your Spells              Type           Power        Failure   Level  Hunger
a - Freeze                Ice            ####         0%          1    None
b - Throw Frost           Conj/Ice       ######       1%          2    None
c - Ozocubu's Armour      Chrm/Ice       ######..     1%          3    None
d - Throw Icicle          Conj/Ice       ######..     1%          4    ###....


Dungeon Overview and Level Annotations

Branches:
Dungeon (15/15)            Temple (1/1) D:5            Lair (6/6) D:11
 Shoals (0/4) Lair:3       Spider (2/4) Lair:4        Slime (0/5) Lair:6
    Orc (2/2) D:11            Elf (0/3) Orc:2        Vaults (0/5) D:13
 Depths (0/5) D:15

Altars:
Ashenzari
Cheibriados
Dithmenos
Elyvilon
Fedhas
Gozag
Hepliaklqana
Kikubaaqudgha
Makhleb
Nemelex Xobeh
Okawaru
Qazlal
Ru
Sif Muna
Trog
Uskayaw
Vehumet
Wu Jian
Xom
Yredelemnul
Zin
The Shining One
Beogh
Jiyva

Shops:
D:6 [   D:7 :   D:8 (   D:9 =   D:11 [(   D:12 !   D:15 =   Orc:2 [**!

Annotations:
D:7 1 runed door - sixfirhy
Lair:2 Fannar, Gastronok


Message History

The redback poisons you!
A jumping spider comes into view.
* * * LOW HITPOINT WARNING * * *
You feel extremely sick.
You feel you are being watched by something.
* * * LOW HITPOINT WARNING * * *
You feel extremely sick.
You feel you are being watched by something.
You feel your power leaking away.
The orb spider weaves a glowing orb of energy.
The redback bites you.
* * * LOW HITPOINT WARNING * * *
An orb of destruction comes into view.
Unknown command.
A redback comes into view.
* * * LOW HITPOINT WARNING * * *
You feel extremely sick.
The redback moves out of view.
The wavering orb of destruction hits you!
You die...

#^s........
#...###....
##### .§.. ###
..# #^.## ..
##.)..#≈
#####.....≈
##........#
##..†.....#
##..@.....##
#...§.s.s.^##
#...s###ss...#
#.....≈≈.s...#
##....s##.s.##
#....##.....#
#....#^....##
.....#^...#≈≈#
....^###....≈≈#


You could see an orb spider and 6 redbacks.

Vanquished Creatures
  Kirke (Lair:4)
  Snorg (Lair:4)
  A fire dragon (Lair:6)
  2 ogre magi
  A yaktaur captain (D:15)
  6 hydras
  Erica (Lair:2)
  4 centaur warriors
  18 two-headed ogres
  An orc high priest (Orc:2)
  2 deep trolls
  A swamp dragon (Lair:6)
  4 unseen horrors
  2 orc knights
  A wizard (D:13)
  4 cyclopes
  A deep elf mage (D:13)
  An orc sorcerer (Orc:1)
  4 wolf spiders
  A wolf spider zombie (D:15)
  4 ugly things (D:14)
  An orb spider (Spider:1)
  2 manticores
  10 black mambas
  2 centaur zombies
  14 elephants
  A guardian serpent (Lair:6)
  9 spiny frogs
  2 gargoyles (D:13)
  3 rime drakes
  7 komodo dragons
  A yaktaur (D:15)
  5 demonic crawlers
  13 trolls
  3 meliai (D:14)
  A jumping spider (Spider:2)
  A polar bear (Lair:6)
  6 hornets
  15 slime creatures
  7 dream sheep (Lair:5)
  14 blink frogs
  11 hippogriffs
  2 tarantellas (Spider:1)
  A shadow (D:15)
  3 redbacks
  A spriggan (D:9)
  2 basilisks (Lair:6)
  A wraith (D:14)
  20 yaks
  16 wyverns
  4 hungry ghosts
  A hog (Lair:4)
  7 vampire mosquitoes
  A steam dragon (Lair:6)
  6 wargs
  2 hell hounds (D:11)
  A soldier ant (D:12)
  2 acid dragons (Lair:6)
  A porcupine (Lair:5)
  15 water moccasins
  6 ice beasts
  2 hornet zombies
  7 sky beasts
  3 black bears
  An eye of draining (D:13)
  22 orc warriors
  A swamp drake (Lair:6)
  4 phantoms
  23 ogres
  4 wolves (Lair:5)
  9 centaurs
  3 necrophages
  9 crocodiles
  3 big kobolds
  7 bullfrogs
  2 gnoll sergeants (D:10)
  5 scorpions
  A wyvern skeleton (D:14)
  6 wights
  5 howler monkeys
  An electric eel (Spider:1)
  6 crimson imps
  2 hounds
  A bullfrog zombie (D:8)
  2 jellies
  12 orc priests
  16 orc wizards
  2 bullfrog skeletons
  5 centaur skeletons
  6 iguanas
  4 worker ants
  11 gnolls
  21 adders
  3 shadow imps
  An adder zombie (D:8)
  3 worms
  3 dart slugs
  2 leopard geckos (D:2)
  78 orcs
  A ball python (D:2)
  5 giant cockroaches
  3 goblins
  6 hobgoblins
  23 jackals
  5 quokkas
  A ball python skeleton (D:4)
  9 bats
  8 frilled lizards
  A giant cockroach zombie (D:6)
  A jackal skeleton (D:4)
  26 kobolds
  A leopard gecko skeleton (D:7)
  5 rats
672 creatures vanquished.

Vanquished Creatures (collateral kills)
  An elephant (Lair:6)
  An orc (Orc:1)
2 creatures vanquished.

Vanquished Creatures (others)
  An orc (Orc:1)
  22 fungi
  44 plants (Lair:6)
67 creatures vanquished.

Grand Total: 741 creatures vanquished

Notes
Turn   | Place    | Note
-------+----------+-------------------------------------------
     0 | D:1      | tilp the Merfolk Ice Elementalist began the quest for the Orb.
     0 | D:1      | Reached XP level 1. HP: 13/13 MP: 3/3
   255 | D:1      | Reached XP level 2. HP: 16/19 MP: 3/5
   618 | D:1      | Learned a level 2 spell: Throw Frost
   912 | D:2      | Reached XP level 3. HP: 24/24 MP: 3/6
   984 | D:2      | Learned a level 3 spell: Ozocubu's Armour
  1045 | D:2      | Reached skill level 5 in Ice Magic
  1328 | D:2      | Reached XP level 4. HP: 26/30 MP: 4/7
  2405 | D:3      | Found an ancient bone altar of Kikubaaqudgha.
  2405 | D:3      | Found an ornate altar of the Wu Jian Council.
  2406 | D:3      | Found a blossoming altar of Fedhas.
  2508 | D:3      | Noticed an ogre
  2828 | D:3      | Killed an ogre
  2828 | D:3      | Reached XP level 5. HP: 35/35 MP: 1/8
  3272 | D:4      | Reached skill level 1 in Fighting
  3272 | D:4      | Reached XP level 6. HP: 43/43 MP: 6/9
  4074 | D:5      | Entered Level 5 of the Dungeon
  4124 | D:5      | Noticed a sky beast
  4144 | D:5      | Killed a sky beast
  4144 | D:5      | Reached skill level 5 in Dodging
  4144 | D:5      | Reached XP level 7. HP: 32/52 MP: 0/10
  4284 | D:5      | Got an ivory dagger
  4285 | D:5      | Identified the +11 dagger of Kismet {venom, rN+ Int+2} (You found it on level 5 of the Dungeon)
  4362 | D:5      | Found a stormy altar of Qazlal.
  4488 | D:5      | Found a staircase to the Ecumenical Temple.
  4497 | Temple   | Entered the Ecumenical Temple
  4638 | Temple   | Became a worshipper of Makhleb the Destroyer
  4813 | D:6      | Found Japaent's Antique Armour Boutique.
  4926 | D:6      | Reached skill level 5 in Stealth
  4964 | D:6      | Reached XP level 8. HP: 58/58 MP: 11/11
  5238 | D:6      | Found a white marble altar of Elyvilon.
  5743 | D:7      | Reached * piety under Makhleb
  5842 | D:7      | Reached skill level 1 in Charms
  5876 | D:7      | Found Voocues's Book Shoppe.
  5900 | D:7      | Found a sacrificial altar of Ru.
  6003 | D:7      | Noticed a hippogriff
  6011 | D:7      | Killed a hippogriff
  6011 | D:7      | Reached XP level 9. HP: 57/64 MP: 9/15
  6052 | D:7      | Found a basalt altar of Yredelemnul.
  6400 | D:7      | Found a runed door.
  6407 | D:7      | Noticed a sixfirhy
  6805 | D:8      | Found Reev's Weapon Shop.
  6977 | D:8      | Reached skill level 1 in Invocations
  6983 | D:8      | Reached ** piety under Makhleb
  7241 | D:8      | Found an opulent altar of Gozag.
  7427 | D:8      | Found a deep blue altar of Sif Muna.
  7540 | D:8      | Reached XP level 10. HP: 56/70 MP: 13/16
  7596 | D:8      | Learned a level 4 spell: Throw Icicle
  7653 | D:8      | Reached skill level 5 in Invocations
  7852 | D:9      | Noticed a two-headed ogre
  7887 | D:9      | Found a snail-covered altar of Cheibriados.
  8112 | D:9      | Found a shadowy altar of Dithmenos.
  8295 | D:9      | Found a sparkling altar of Nemelex Xobeh.
  8295 | D:9      | Found an iron altar of Okawaru.
  8425 | D:9      | Noticed a two-headed ogre
  8454 | D:9      | Killed a two-headed ogre
  8808 | D:9      | Killed a two-headed ogre
  8891 | D:9      | Reached XP level 11. HP: 78/83 MP: 16/18
  8899 | D:9      | Reached skill level 5 in Spellcasting
  9047 | D:9      | Found Feojiysch's Jewellery Shoppe.
  9053 | D:9      | Bought a +2 amulet of reflection for 90 gold pieces
  9056 | D:9      | Bought a cursed amulet of inaccuracy for 24 gold pieces
  9344 | D:10     | Entered Level 10 of the Dungeon
  9347 | D:10     | Reached *** piety under Makhleb
  9679 | D:10     | Got a scintillating marble ring
  9688 | D:10     | Identified the ring "Bufin" {rF+ Str+3 Int-5 Dex+8 Slay-2} (You found it on level 10 of the Dungeon)
  9732 | D:10     | Killed an unseen horror
  9732 | D:10     | Reached skill level 10 in Ice Magic
 10661 | D:11     | Reached **** piety under Makhleb
 10699 | D:11     | Found a staircase to the Lair.
 10797 | D:11     | Noticed a two-headed ogre
 11012 | D:11     | Found Uvauhydu's Armour Shop.
 11012 | D:11     | Found a staircase to the Orcish Mines.
 11030 | D:11     | Killed an unseen horror
 11061 | D:11     | Found Picosuip's Weapon Shop.
 11199 | D:11     | Killed a two-headed ogre
 11242 | D:11     | Noticed a manticore
 11253 | D:11     | Killed a manticore
 11253 | D:11     | Reached skill level 1 in Shields
 11861 | Lair:1   | Entered Level 1 of the Lair of Beasts
 11929 | Lair:1   | You fall through a shaft!
 11984 | Lair:2   | Got a smoking halberd
 12038 | Lair:2   | Noticed Erica
 12052 | Lair:2   | Killed Erica
 12052 | Lair:2   | Reached XP level 12. HP: 88/88 MP: 4/21
 12261 | Lair:2   | Noticed Fannar
 12825 | Lair:1   | Identified the +9 halberd "Sejuvy" {flame, MR+} (You found it on level 2 of the Lair of Beasts)
 12937 | Lair:2   | Noticed Gastronok
 13102 | Lair:2   | Reached skill level 5 in Evocations
 13559 | Lair:2   | Got a transparent chain mail
 13686 | Lair:3   | Found a glowing golden altar of the Shining One.
 14086 | Lair:3   | Noticed a seven-headed hydra
 14256 | Lair:3   | Found a staircase to the Shoals.
 14345 | Lair:3   | Reached skill level 5 in Polearms
 14844 | Lair:3   | Got a bloodstained robe
 15158 | Lair:4   | Got a warped scimitar
 15483 | Lair:4   | Found a hole to the Spider Nest.
 15665 | Lair:5   | Noticed Snorg
 15695 | Lair:4   | Killed Snorg
 15918 | Lair:5   | Reached skill level 10 in Polearms
 16160 | Lair:5   | Reached XP level 13. HP: 93/93 MP: 22/22
 16352 | Lair:5   | Reached ***** piety under Makhleb
 17175 | Lair:6   | Entered Level 6 of the Lair of Beasts
 17907 | Lair:6   | Reached skill level 15 in Polearms
 18640 | Orc:1    | Entered Level 1 of the Orcish Mines
 19165 | Orc:1    | Reached skill level 10 in Dodging
 19572 | Orc:2    | Entered Level 2 of the Orcish Mines
 19572 | Orc:2    | Found a staircase to the Elven Halls.
 19732 | D:7      | Bought a manual of Fighting for 1214 gold pieces
 19733 | D:7      | Identified the +8 scimitar of the Hidden Vale {drain, MR++ Dex+4} (You found it on level 4 of the Lair of Beasts)
 19746 | D:7      | Identified the +1 robe "Faesur" {rElec Int+4 Dex+3} (You found it on level 3 of the Lair of Beasts)
 19756 | D:7      | Identified the cursed +0 chain mail of Ockaos {Str+5 Int-5} (You found it on level 2 of the Lair of Beasts)
 19982 | Lair:3   | Reached skill level 5 in Conjurations
 20278 | Lair:6   | Reached XP level 14. HP: 89/107 MP: 12/23
 20643 | Lair:6   | Reached skill level 10 in Fighting
 20815 | Lair:6   | Got a topaz-encrusted ring mail
 21789 | Lair:6   | Found a runed door.
 21789 | Lair:6   | Found a viscous altar of Jiyva.
 21789 | Lair:6   | Noticed an azure jelly
 21793 | Lair:6   | Found a staircase to the Slime Pits.
 21793 | Lair:6   | Noticed an azure jelly
 22475 | Orc:2    | Reached skill level 15 in Fighting
 22806 | Orc:2    | Found Epej's Assorted Antiques.
 22807 | Orc:2    | Found Fajau's Distillery.
 22832 | Orc:2    | Found Umiok's Armour Boutique.
 22839 | Orc:2    | Bought a scroll of identify for 72 gold pieces
 22844 | Orc:2    | Bought a potion of might for 44 gold pieces
 22844 | Orc:2    | Bought a potion of degeneration for 11 gold pieces
 22869 | Orc:2    | Found Coenlim's General Store.
 23305 | Orc:2    | Bought a scroll of identify for 30 gold pieces
 23305 | Orc:2    | Bought a scroll of fog for 30 gold pieces
 23317 | Orc:2    | Found a roughly hewn altar of Beogh.
 23819 | Orc:1    | Reached ****** piety under Makhleb
 23957 | Orc:2    | Bought the +2 hat of the Endless Dances {*Drain rPois rN++ Regen+} for 481 gold pieces
 23979 | Orc:2    | Identified the cursed +1 ring mail of the Accordion {Stlth+} (You found it on level 6 of the Lair of Beasts)
 24017 | Orc:2    | Bought a potion of resistance for 110 gold pieces
 24017 | Orc:2    | Bought a potion of berserk rage for 55 gold pieces
 24027 | Orc:2    | Bought a potion of cancellation for 120 gold pieces
 24073 | D:12     | Found Inyef's Distillery.
 24079 | D:12     | Bought a potion of lignification for 33 gold pieces
 24216 | D:12     | Reached skill level 5 in Charms
 24494 | D:12     | Reached XP level 15. HP: 132/132 MP: 24/24
 25109 | D:13     | Found a gate to the Vaults.
 25172 | D:13     | Found an ancient bone altar of Kikubaaqudgha.
 26601 | D:15     | Entered Level 15 of the Dungeon
 26767 | D:15     | Found Wischaj's Jewellery Boutique.
 26797 | D:15     | Got a bloodstained robe
 26986 | D:15     | Found a shattered altar of Ashenzari.
 27024 | D:15     | Reached skill level 15 in Ice Magic
 27201 | D:15     | Found a staircase to the Depths.
 27977 | Lair:6   | Identified the +2 robe of a treasure trove {rF+ Regen+} (You found it on level 15 of the Dungeon)
 28074 | Lair:4   | Noticed Kirke
 28091 | Lair:4   | Killed Kirke
 28138 | Spider:1 | Entered Level 1 of the Spider Nest
 29048 | Spider:2 | Blown up by an orb spider

Vault maps used:
D:1:      dpeg_arrival_short_road
D:3:      gammafunk_temple_overflow_claw, first_ration
D:5:      grunt_qazlal_clouds, minmay_temple_entry_large_hall
D:6:      kennysheep_mini, serial_shops, shop
D:7:      cheibrodos_shockbox, yredelemnul_altar_generic, kennysheep_mini_moat,
          serial_shops, shop
D:8:      minmay_opposing_rooms, lemuel_blue_sif_altar, grunt_gozag_breadcrumbs,
          serial_shops, shop
D:9:      nicolae_dithmenos_through_a_glass_darkly,
          gammafunk_temple_overflow_wave, cheibrodos_worm_habitat, serial_shops,
          shop, grunt_pizzeria
D:11:     minmay_lair_entry_lava, orc_david_3, dk_vineyard_1
D:12:     serial_shops, shop
D:13:     david_vaults_1, basic_altar, kennysheep_generic_room_2
D:14:     nrook_mini_backslash, kennysheep_crisscross
D:15:     grunt_enter_depths_snipers, serial_shops, shop,
          nicolae_ashenzari_panopticon
Temple:   pf_slime_end_temple
Lair:2:   grunt_megastairs_4, lemuel_fruit_tree, serial_bayou_shore_b,
          serial_bayou_shore_b, lemuel_fruit_fields, uniq_fannar,
          uniq_gastronok, uniq_erica
Lair:3:   elwin_shoals_entry_rocks, basic_altar, grunt_megastairs_3,
          serial_bayou_shore_a
Lair:4:   spider_nest_entry_web_field, uniq_kirke
Lair:5:   uniq_snorg
Lair:6:   guppyfry_lair_end_dragon, hangedman_lair_tendril_chambers,
          slime_altar_2
Orc:1:    cheibrodos_orc_guarddog, abandoned_shop
Orc:2:    st_orc_open, basic_altar

Skill      XL: |  1  2  3  4  5  6  7  8  9 10 11 12 13 14 15 |
---------------+----------------------------------------------+-----
Ice Magic      | 4 5 6 7 9 12 15 | 15.0
Fighting       | 1 3 6 9 16 | 16.3
Dodging        | 5 9 10 | 10.0
Stealth        | 5 |  5.3
Evocations     | 2 4 6 |  6.2
Spellcasting   | 4 6 |  6.9
Charms         | 2 4 5 6 |  6.0
Conjurations   | 3 4 5 |  5.0
Invocations    | 4 6 8 |  8.0
Shields        | 4 |  4.8
Polearms       | 11 16 | 16.1

Action                   |  1- 3 |  4- 6 |  7- 9 | 10-12 | 13-15 || total
-------------------------+-------+-------+-------+-------+-------++-------
Melee: Dagger            |    13 |       |   241 |   730 |   281 ||  1265
       Whip              |       |    62 |     6 |       |       ||    68
       Halberd           |       |       |       |       |  1076 ||  1076
       Tailslap          |       |       |       |       |     3 ||     3
 Fire: Hunting sling     |     3 |    57 |       |       |       ||    60
Throw: Stone             |       |     2 |       |       |       ||     2
       Tomahawk          |       |       |       |     5 |       ||     5
 Cast: Freeze            |    45 |    57 |    16 |    54 |    59 ||   231
       Throw Frost       |     2 |     2 |     7 |     3 |    13 ||    27
       Ozocubu's Armour  |       |     8 |    16 |    50 |    72 ||   146
       Throw Icicle      |       |       |       |    39 |    50 ||    89
Invok: Minor Destruction |       |       |       |     4 |     2 ||     6
       Lesser Servant of |       |       |       |       |     6 ||     6
Evoke: Wand              |       |       |       |     5 |       ||     5
  Use: Scroll            |       |       |    11 |     6 |    17 ||    34
       Potion            |       |       |       |       |     5 ||     5
 Stab: Sleeping          |     1 |       |    11 |     4 |    22 ||    38
       Distracted        |       |       |     2 |     1 |     5 ||     8
       Paralysed         |       |       |       |     2 |       ||     2
  Eat: Chunk             |     2 |    12 |     8 |    23 |    39 ||    84
       Ration            |       |       |     1 |     5 |     4 ||    10
Armor: Robe              |     9 |    39 |    62 |    32 |   281 ||   423
       Leather armour    |       |       |       |   181 |    95 ||   276
Dodge: Dodged            |    33 |    72 |   186 |   686 |  1367 ||  2344
Block: Other             |       |       |       |    31 |    63 ||    94
       Buckler           |       |       |       |    65 |   150 ||   215
       Reflection        |       |       |       |       |     4 ||     4

Table legend:
 A = Spawn XP
 B = Non-spawn XP
 C = Spawn XP percentage of total XP
 D = Spawn monster count
 E = Non-spawn monster count
 F = Spawn count percentage of total count
 G = Total turns spent on level
                    A         B        C        D         E        F      G
               +---------+---------+-------+---------+---------+-------+---------
         Total |       0 |  128429 |   0.0 |       0 |     674 |   0.0 | 29048
               +---------+---------+-------+---------+---------+-------+---------
           D:1 |       0 |      32 |   0.0 |       0 |      20 |   0.0 |  1015
           D:2 |       0 |      91 |   0.0 |       0 |      23 |   0.0 |  1042
           D:3 |       0 |     136 |   0.0 |       0 |      12 |   0.0 |   876
           D:4 |       0 |     285 |   0.0 |       0 |      25 |   0.0 |  1141
           D:5 |       0 |     383 |   0.0 |       0 |       9 |   0.0 |   565
           D:6 |       0 |     743 |   0.0 |       0 |      15 |   0.0 |   594
           D:7 |       0 |    1445 |   0.0 |       0 |      24 |   0.0 |  1157
           D:8 |       0 |    2313 |   0.0 |       0 |      45 |   0.0 |  1442
           D:9 |       0 |    5570 |   0.0 |       0 |      27 |   0.0 |  1509
          D:10 |       0 |    1910 |   0.0 |       0 |      33 |   0.0 |  1369
          D:11 |       0 |    5871 |   0.0 |       0 |      32 |   0.0 |  1539
          D:12 |       0 |    4787 |   0.0 |       0 |      27 |   0.0 |   833
          D:13 |       0 |   12221 |   0.0 |       0 |      44 |   0.0 |   780
          D:14 |       0 |   10850 |   0.0 |       0 |      40 |   0.0 |   974
          D:15 |       0 |    7676 |   0.0 |       0 |      17 |   0.0 |   940
        Lair:1 |       0 |    1289 |   0.0 |       0 |       5 |   0.0 |   839
        Lair:2 |       0 |    2847 |   0.0 |       0 |       8 |   0.0 |  1198
        Lair:3 |       0 |    5195 |   0.0 |       0 |      13 |   0.0 |  1399
        Lair:4 |       0 |    6424 |   0.0 |       0 |      14 |   0.0 |  1494
        Lair:5 |       0 |   14032 |   0.0 |       0 |      47 |   0.0 |  2328
        Lair:6 |       0 |   16413 |   0.0 |       0 |      55 |   0.0 |  2284
      Spider:1 |       0 |    3952 |   0.0 |       0 |      12 |   0.0 |   743
      Spider:2 |       0 |     650 |   0.0 |       0 |       2 |   0.0 |    40
         Orc:1 |       0 |    6761 |   0.0 |       0 |      67 |   0.0 |  1330
         Orc:2 |       0 |   16553 |   0.0 |       0 |      58 |   0.0 |  1458
               +---------+---------+-------+---------+---------+-------+---------
